Map: Frozen Temple

Players

Gracz

  • Race: Zerg Zerg
  • League: Silver

Myatt - Winner!

  • Race: Zerg Zerg
  • League: Silver

VOD

Have the link to the VOD?

Description

Time

  • Played on: Sept. 24, 2016, 7:42 a.m.
  • Length: 13:21
Show
View Real Time Build Order
Export as new Build Order

Gracz Zerg 

Build Orders: Pool First 

Get SALT Encoding   

  12  0:03  Drone  
  13  0:07  Drone  
  14  0:23  Extractor, Drone  
  15  0:33  Overlord x2  
  15  0:53  Spawning Pool  
  14  1:35  Hatchery  
  13  1:45  Drone  
  13  1:46  Drone x2  
  16  1:52  Extractor  
  15  1:54  Queen  
  17  2:18  Drone  
  17  2:19  Drone x2  
  20  2:26  Extractor  
  19  2:44  Hatchery  
  19  2:47  Drone  
  19  2:48  Drone  
  20  2:58  Queen  
  20  3:00  Queen  
  20  3:01  Drone  
  20  3:02  Drone x2  
  27  3:18  Zergling x2  
  27  3:19  Zergling x6  
  31  4:03  Zergling x4  
  31  4:04  Zergling x8, Overlord  
  37  4:11  Evolution Chamber  
  37  4:14  Evolution Chamber  
  35  4:17  Queen, Drone x3  
  40  4:53  Drone x7  
  40  4:54  Zergling x4  
  40  4:55  Zergling x2  
  50  5:20  Lair  
  50  5:24  Metabolic Boost  
  50  5:27  Zerg Ground Armor Level 1  
  50  5:28  Zerg Melee Weapons Level 1  
  50  6:10  Roach Warren  
  49  6:50  Spire  
  49  6:53  Zergling x2  
  49  6:54  Zergling x2  
  50  6:55  Overlord x3  
  50  6:56  Overlord x4  
  50  7:48  Drone  
  50  7:49  Drone x4  
  50  7:50  Overlord x3, Drone x3  
  58  7:59  Hatchery  
  57  8:26  Queen  
  57  8:27  Queen x2  
  57  8:29  Glial Reconstitution  
  57  8:31  Zerg Ground Armor Level 2, Zerg Melee Weapons Level 2  
  63  8:40  Zergling x12  
  69  9:20  Drone  
  69  9:21  Drone x2  
  72  9:28  Drone x12  
  72  9:29  Drone  
  85  9:38  Extractor x2  
  83  9:46  Spore Crawler  
  82  9:56  Spore Crawler  
  81  10:01  Extractor  
  81  10:02  Extractor  
  81  10:05  Zerg Flyer Weapons Level 1  
  79  11:02  Mutalisk x12  
  79  11:03  Mutalisk  
  103  11:15  Zergling x2  
  103  11:16  Zergling x10  
  52  11:52  Mutalisk x2  
  42  12:16  Mutalisk  
  42  12:17  Mutalisk  
  46  12:31  Mutalisk  
Show
View Real Time Build Order
Export as new Build Order

Myatt Zerg - Winner!

Build Orders: Pool First 

Get SALT Encoding   

  12  0:01  Drone  
  13  0:12  Drone  
  14  0:27  Spawning Pool  
  13  0:30  Drone  
  14  0:38  Overlord  
  14  0:46  Extractor, Drone  
  14  0:58  Drone  
  14  1:04  Drone  
  16  1:13  Queen  
  18  1:19  Drone  
  19  1:36  Hatchery  
  18  1:42  Drone  
  19  1:56  Evolution Chamber  
  19  1:57  Drone  
  19  2:03  Drone  
  20  2:10  Drone  
  21  2:19  Overlord  
  21  2:23  Zerg Missile Weapons Level 1  
  21  2:37  Queen  
  21  2:40  Drone  
  24  2:48  Queen, Drone  
  27  2:58  Drone  
  27  3:08  Drone  
  27  3:11  Drone  
  29  3:13  Overlord  
  29  3:14  Drone  
  30  3:23  Drone  
  31  3:30  Drone x2  
  33  3:35  Drone  
  34  3:45  Roach Warren  
  34  3:46  Lair  
  34  3:47  Drone  
  34  3:53  Metabolic Boost  
  34  3:59  Overlord  
  34  4:00  Drone  
  34  4:01  Drone  
  36  4:07  Extractor  
  36  4:08  Extractor  
  34  4:15  Drone  
  35  4:27  Roach x3  
  35  4:28  Overlord  
  35  4:30  Drone x2  
  43  4:45  Hatchery  
  43  4:48  Queen  
  44  4:57  Roach x3  
  50  5:01  Hydralisk Den  
  50  5:06  Extractor  
  48  5:09  Zerg Missile Weapons Level 2  
  48  5:12  Overlord  
  48  5:14  Drone  
  48  5:16  Drone  
  50  5:25  Ravager  
  51  5:46  Hydralisk x2  
  51  5:49  Drone  
  57  5:50  Drone x3  
  57  5:51  Drone  
  60  5:57  Spore Crawler  
  60  5:58  Spore Crawler  
  58  6:04  Drone x3  
  58  6:05  Drone x2  
  58  6:08  Hydralisk  
  65  6:11  Overlord  
  65  6:15  Overlord  
  65  6:24  Drone  
  66  6:25  Overlord  
  66  6:43  Spine Crawler  
  66  6:45  Roach  
  66  6:46  Roach, Hydralisk x2  
  66  6:47  Hydralisk  
  71  6:53  Overseer  
  75  6:56  Drone x2  
  77  7:04  Hydralisk x3  
  77  7:06  Drone  
  77  7:07  Drone  
  85  7:14  Drone x2  
  85  7:15  Drone  
  88  7:19  Drone x2  
  88  7:22  Overlord  
  90  7:35  Overlord x2  
  90  7:43  Drone x2  
  90  7:44  Drone x2  
  94  7:48  Extractor, Drone  
  94  7:49  Drone x2  
  96  7:52  Zerg Ground Armor Level 1  
  96  7:57  Evolution Chamber  
  95  8:14  Drone  
  95  8:16  Roach x2  
  95  8:19  Roach x5  
  110  8:29  Drone x3  
  110  8:32  Queen, Infestation Pit  
  114  8:36  Spine Crawler  
  114  8:38  Drone  
  114  8:40  Overlord x2  
  114  8:49  Extractor  
  114  8:50  Overlord x3  
  114  8:51  Overlord x3  
  113  8:58  Drone  
  113  9:00  Hydralisk x3  
  113  9:01  Roach  
  113  9:02  Roach  
  124  9:14  Baneling Nest  
  123  9:24  Drone x2  
  125  9:26  Roach  
  125  9:27  Roach  
  125  9:28  Zergling x8  
  125  9:29  Zergling x6  
  136  9:35  Hive  
  136  9:40  Drone  
  136  9:42  Drone x4  
  141  9:50  Hydralisk  
  141  9:51  Zergling x4  
  145  10:25  Hatchery  
  145  10:26  Roach x4, Hydralisk  
  145  10:27  Zergling x2  
  145  10:28  Zergling x14  
  160  10:30  Baneling x6  
  160  10:31  Centrifical Hooks, Baneling x4  
  160  10:33  Zerg Ground Armor Level 2  
  162  10:37  Roach  
  162  10:38  Roach x2, Drone x4  
  162  10:39  Drone  
  173  10:47  Drone  
  173  10:48  Spine Crawler, Drone x2  
  169  11:36  Hydralisk  
  169  11:37  Hydralisk x4  
  169  11:38  Zergling x8  
  169  11:39  Roach x2  
  180  11:57  Spore Crawler  
  180  11:58  Spore Crawler  
  176  12:02  Spore Crawler  
  175  12:09  Drone x2, Spore Crawler  
  175  12:10  Spore Crawler  
  175  12:12  Spore Crawler  
  175  12:15  Roach x4  
  182  12:21  Overlord x3  
  182  12:22  Spore Crawler  
  181  12:24  Spore Crawler  
  181  12:27  Spore Crawler  
  178  12:50  Hydralisk x4  
  178  12:51  Hydralisk x6  
Tags
 
Add a new tag
Caveats
  • Supply blocks, unpowered buildings, or Contaminate may cause inaccurate times.
  • Supply counts are checked every 10 seconds.